 Dungeon Sprint DCSS version 0.24.0-125-gc4c63601f3 (webtiles) character file.

Game seed: 13861563657401916164, levelgen mode: deterministic

900000 Ponchio the Warrior (level 11, 41/119 HPs)
             Began as a White Draconian Berserker on Mar 4, 2020.
             Was a Follower of Trog.
             Got out of the dungeon alive.
             The game lasted 00:00:31 (9 turns).

Ponchio the Warrior (White Draconian Berserker)        Turns: 9, Time: 00:00:32

Health: 41/119     AC:  7    Str: 20    XL:     11   Next: 71%
Magic:  11/11      EV: 22    Int:  8    God:    Trog [*.....]
Gold:   0          SH:  0    Dex: 13    Spells: 10/10 levels left

rFire    . . .     SeeInvis .   i - +∞ Axe of Woe
rCold    + . .     Gourm    .   (shield currently unavailable)
rNeg     . . .     Faith    .   (armour unavailable)
rPois    .         Spirit   .   (helmet restricted)
rElec    .         Reflect  .   (no cloak)
rCorr    .         Harm     .   (no gloves)
MR       .....     NoTele   +   (no boots)
Stlth    +.........             (no amulet)
HPRegen  0.29/turn              (no ring)
MPRegen  0.12/turn              (no ring)

@: hasted, very quick
A: breathe frost, unfitting armour, cold resistance 1, cold-blooded, AC +7
a: Breathe Frost, Berserk, Renounce Religion


You escaped.
You worshipped Trog.
Trog was aware of your devotion.
You were not hungry.

You visited 1 branch

Inventory:

Hand Weapons
 a - a +0 hand axe
 i - the +∞ Axe of Woe (weapon)
   (You found it in the Dungeon)
Scrolls
 h - a scroll of blinking
Potions
 c - a potion of curing
 d - a potion of heal wounds
 f - 2 potions of magic
 g - a potion of berserk rage
Comestibles
 b - a ration


   Skills:
 + Level 18.0 Fighting
 + Level 16.6 Axes
 + Level 15.4 Dodging


You had 10 spell levels left.
You didn't know any spells.
Your spell library was empty.

Dungeon Overview and Level Annotations

Branches:
Dungeon (1/1)

Altars:
Makhleb


Innate Abilities, Weirdness & Mutations

You can breathe waves of freezing cold.
You can buffet flying creatures when you breathe cold.
Your icy white scales are hard. (AC +7)
You cannot fit into any form of body armour.
Your flesh is cold resistant. (rC+)
You are cold-blooded and may be slowed by cold attacks.


Message History

You have reached level 9!
Your experience leads to an increase in your attributes!
Increase (S)trength, (I)ntelligence, or (D)exterity?
You feel agile.
Your scales feel tougher.
You have reached level 10!
You have reached level 11!
You hear a shout! x2
The meat berserker rages.
You hear a shout! x7
A bag of meat comes into view. It is wielding a +9 war axe.
You hear a shout! x2
Unknown command.
Unknown command.
Are you sure you want to leave the Dungeon?
This will make you lose the game!
The meat berserker appears out of thin air!
The bag of meat shouts!
The meat berserker shouts!
You hear a shout! x2
The meat berserker hits you with a +9 battleaxe!!!!
Ouch! That really hurt!
You hear a shout! x3
You have escaped!

.. .. #. .# #..
..# .###..
o.###.
o...O.###O.....
....._.....
#..Oo.# #_o@._#
#..)..#
..o.._.....
......###......
.###.. ..###.
#.. .o# #. .#
.. O.


You could see 4 meat berserkers and 6 bags of meat.

Vanquished Creatures
  An orc (D)
1 creature vanquished.

Notes
Turn   | Place    | Note
-------+----------+-------------------------------------------
     0 | D        | Found the +∞ Axe of Woe
     0 | D        | Ponchio the Draconian Berserker began the quest for the
                  | Orb.
     0 | D        | Reached XP level 1. HP: 19/19 MP: 1/1
     2 | D        | Noticed a bag of meat
     2 | D        | Noticed a bag of meat
     3 | D        | Noticed a bag of meat
     4 | D        | Noticed a bag of meat
     4 | D        | Noticed a bag of meat
     5 | D        | Noticed a meat berserker
     6 | D        | Noticed a meat berserker
     6 | D        | Noticed a bag of meat
     7 | D        | Killed a bag of meat
     7 | D        | Reached skill level 18 in Fighting
     7 | D        | Reached skill level 15 in Dodging
     7 | D        | Reached XP level 2. HP: 52/52 MP: 2/2
     7 | D        | Reached XP level 3. HP: 59/59 MP: 3/3
     7 | D        | Reached XP level 4. HP: 68/68 MP: 4/4
     7 | D        | Reached XP level 5. HP: 74/74 MP: 5/5
     7 | D        | Reached XP level 6. HP: 82/82 MP: 6/6
     7 | D        | Your scales start taking on an icy white colour.
     7 | D        | Reached XP level 7. HP: 90/90 MP: 7/7
     7 | D        | Gained mutation: Your flesh is cold resistant. (rC+) [White
                  | Draconian growth]
     7 | D        | Reached XP level 8. HP: 97/97 MP: 8/8
     7 | D        | Reached XP level 9. HP: 104/104 MP: 9/9
     7 | D        | Reached XP level 10. HP: 112/112 MP: 10/10
     7 | D        | Reached XP level 11. HP: 119/119 MP: 11/11
     7 | D        | Noticed a bag of meat
     8 | D        | Noticed a meat berserker
     8 | D        | Noticed a meat berserker
     9 | D        | Got out of the dungeon alive.

Levels and vault maps discovered:
D:        meatsprint

Skill      XL: |  1 |
---------------+----+-----
Fighting       | 18 | 18.0
Axes           | 16 | 16.6
Dodging        | 15 | 15.4

Action                   |  1- 3 |  4- 6 |  7- 9 | 10-12 || total
-------------------------+-------+-------+-------+-------++-------
Melee: Executioner's axe |     1 |       |       |       ||     1
  Use: Potion            |     1 |       |       |       ||     1
